AoeStats
← Chungus69

Arena

504533112Analyzed
1v1 RM · 27d ago on Sep 5, 2026· 53m 5s· 2 players
Game mode
Random Map
Map size
Tiny (2 player)
Population
200
Speed
Normal
Resources
Standard
Victory
Conquest
Starting age
Dark Age
Ending age
Imperial Age
RankedLock teamsTeams togetherTeam positionsShared explorationLock speedFull tech treeHidden civsTurbo modeCheats
Victory
Defeat
🇺🇸 Franks · United States
730
+16
🇺🇸 Britons · United States
720
-21
Chungus69
11:30 Feudal Age
13:19 Wheelbarrow
13:42 Man-at-Arms
14:45 Double-Bit Axe
16:05 Scale Mail Armor
16:21 Horse Collar
17:50 Forging
21:32 Gold Mining
25:17 Castle Age
25:17 Town Watch
26:14 Chain Mail Armor
25:23 Long Swordsman
26:46 Iron Casting
27:23 Hand Cart
31:30 Crossbowman
34:31 Bow Saw
35:43 Fortified Wall
40:42 Imperial Age
38:15 Heavy Plow
37:45 Pikeman
39:21 Gold Shaft Mining
40:48 Heated Shot
43:04 Two-Handed Swordsman
44:43 Stone Mining
45:39 Ballistics
47:00 Murder Holes
48:50 Plate Mail Armor
49:20 Blast Furnace
51:33 Champion
mattcrw
10:16 Feudal Age
8:32 Loom
17:11 Castle Age
15:30 Double-Bit Axe
16:21 Gold Mining
19:24 Bow Saw
21:30 Wheelbarrow
27:12 Hand Cart
26:42 Town Watch
27:01 Stone Mining
32:41 Town Patrol
32:55 Husbandry
32:15 Light Cavalry
37:10 Imperial Age
35:06 #83
36:16 Forging
36:11 Scale Barding Armor
35:58 Fletching
36:09 Scale Mail Armor
39:17 Conscription
39:33 Hoardings
38:19 Elite Throwing Axeman
40:01 Gold Shaft Mining
41:15 Iron Casting
41:01 Chain Barding Armor
40:36 Bodkin Arrow
40:57 Chain Mail Armor
40:41 Murder Holes
40:32 Arrowslits
43:27 Cavalier
45:16 Blast Furnace
44:51 Plate Barding Armor
44:38 Paladin
47:37 Chemistry
46:58 Ballistics
46:50 Fortified Wall
46:45 Siege Engineers
46:51 Masonry
47:56 Plate Mail Armor
51:41 Chivalry
Connection lost

Rejoining the realm…

Still unreachable

The connection could not be restored.

Session expired

The server has moved on; the page needs a fresh start.